 Dungeon Crawl Stone Soup version 0.28.0-53-g5a82cb258f (webtiles) character file.

Game seed: 11316796503762481876

9266 jjjjhere the Severer (level 11, -2/91 HPs)
             Began as a Minotaur Enchanter on Oct 26, 2022.
             Was a High Priest of the Shining One.
             Slain by a cane toad (17 damage)
             ... on level 1 of the Lair of Beasts on Oct 28, 2022.
             The game lasted 00:11:56 (10229 turns).

jjjjhere the Severer (Minotaur Enchanter)          Turns: 10229, Time: 00:11:57

Health: -2/91      AC: 14    Str: 17    XL:     11   Next: 20%
Magic:  15/15      EV:  3    Int: 12    God:    the Shining One [*****.]
Gold:   477        SH:  9    Dex: 11    Spells: 12/12 levels left

rFire   . . .      SeeInvis .   O - +0 broad axe (flame)
rCold   . . .      Faith    .   n - +0 kite shield
rNeg    + + .      Spirit   .   t - +0 plate armour
rPois   .          Reflect  .   (helmet restricted)
rElec   .          Harm     .   j - +1 cloak
rCorr   +          Rampage  .   p - +0 pair of gloves
Will    .....                   A - +0 pair of boots
Stlth   ..........              K - amulet of regeneration
HPRegen 1.05/turn               y - ring of resist corrosion
MPRegen 0.14/turn               G - +4 ring of slaying

@: glowing
A: horns 2, retaliatory headbutt
a: Renounce Religion, Divine Shield, Cleansing Flame, Summon Divine Warrior


You were on level 1 of the Lair of Beasts.
You worshipped the Shining One.
The Shining One was extremely pleased with you.
You visited 2 branches of the dungeon, and saw 9 of its levels.
You also visited: Bailey.

You collected 510 gold pieces.
You spent 33 gold pieces at shops.

Inventory:

Hand Weapons
 a - a +1 dagger
 r - a +0 whip
 w - a +0 war axe
 N - a +4 hand axe
 O - a +0 broad axe of flaming (weapon)
Missiles
 D - 6 poisoned darts
 F - 7 boomerangs (quivered)
 M - 9 atropa-tipped darts
Armour
 b - a +0 robe
 j - a +1 cloak (worn)
 n - a +0 kite shield (worn)
 p - a +0 pair of gloves (worn)
 t - a +0 plate armour (worn)
 A - a +0 pair of boots (worn)
Jewellery
 d - a ring of magical power
 y - a ring of resist corrosion (left hand)
 G - a +4 ring of slaying (right hand)
 K - an amulet of regeneration (around neck)
Wands
 s - a wand of charming (5)
 C - a wand of acid (6)
 J - a wand of paralysis (15)
 L - a wand of polymorph (14)
Scrolls
 k - 2 scrolls of vulnerability
 l - 5 scrolls of teleportation
 m - 2 scrolls of fear
 o - a scroll of summoning
 q - a scroll of fog
 B - 3 scrolls of blinking
Potions
 c - 2 potions of invisibility
 f - 3 potions of lignification
 g - a potion of magic
 h - 3 potions of degeneration
 i - 2 potions of heal wounds {unknown}
 u - a potion of flight
 v - a potion of mutation {unknown}
 E - a potion of haste {unknown}
 H - a potion of brilliance {unknown}


   Skills:
 - Level 6.4 Fighting
 - Level 1.1 Short Blades
 * Level 16.7 Axes
 - Level 0.9(10.9) Maces & Flails
 - Level 2.1 Dodging
 - Level 2.4 Stealth
 * Level 4.9 Shields
 - Level 1.3 Spellcasting
 - Level 2.0 Hexes
 + Level 7.1 Invocations


You had 12 spell levels left.
You didn't know any spells.
Your spell library contained the following spells:

 Spells                   Type           Power      Damage    Failure   Level
 Animate Skeleton         Necr           0%         N/A       100%        1
 Apportation              Tloc           0%         N/A       100%        1
 Summon Small Mammal      Summ           0%         N/A       100%        1
 Blink                    Tloc           0%         N/A       100%        2
 Ensorcelled Hibernation  Hex/Ice        6%         N/A       100%        2
 Confusing Touch          Hex            5%         N/A       100%        3
 Dazzling Flash           Conj/Hex       6%         N/A       100%        3
 Frozen Ramparts          Ice            0%         1d2       100%        3
 Gell's Gravitas          Tloc           0%         N/A       100%        3
 Lesser Beckoning         Tloc           0%         N/A       100%        3
 Teleport Other           Tloc           0%         N/A       100%        3
 Tukima's Dance           Hex            5%         N/A       100%        3
 Ice Form                 Ice/Tmut       0%         N/A       100%        4
 Summon Ice Beast         Ice/Summ       0%         N/A       100%        4
 Manifold Assault         Tloc           0%         N/A       100%        5
 Dispersal                Tloc           0%         N/A       100%        6


Dungeon Overview and Level Annotations

Branches:
Dungeon (8/15)             Temple (0/1) D:4            Lair (1/6) D:8
 Bailey (visited)

Altars:
Cheibriados
Fedhas
Kikubaaqudgha
Okawaru
Ru
Sif Muna
Uskayaw
The Shining One

Shops:
D:3 ?

Annotations:
D:2 1 runed translucent door, Crazy Yiuf


Innate Abilities, Weirdness & Mutations

You have a pair of horns on your head.
You reflexively headbutt those who attack you in melee.


Message History

The flame cauterises the wound!
You slice the four-headed hydra!! You burn the four-headed hydra.
The four-headed hydra is heavily wounded.
You hit the cane toad. You burn the cane toad.
You feel very sick. The four-headed hydra bites you!
The four-headed hydra bites you but does no damage.
The four-headed hydra bites you!
The four-headed hydra bites you but does no damage.
The cane toad stings you but does no damage.
You hack one of the four-headed hydra's heads off!
The flame cauterises the wound!
You slice the three-headed hydra!! You burn the three-headed hydra!
The three-headed hydra is almost dead.
You barely miss the cane toad.
You feel very sick. The three-headed hydra bites you! x2
* * * LOW HITPOINT WARNING * * *
The three-headed hydra completely misses you.
You block the cane toad's attack.
You lop one of the three-headed hydra's heads off!
The flame cauterises the wound!
You slice the two-headed hydra!! You burn the two-headed hydra.
You kill the two-headed hydra!
You hit the cane toad. You burn the cane toad.
You feel sick. The cane toad barely misses you.
Your Invocations skill increases to level 7!
You slash the cane toad! You burn the cane toad.
The cane toad is almost dead.
You feel sick. You block the cane toad's attack. The cane toad stings you!
* * * LOW HITPOINT WARNING * * *
You are lethally poisoned!
The cane toad poisons you!
You hit the cane toad. You burn the cane toad.
The cane toad is almost dead.
* * * LOW HITPOINT WARNING * * *
You feel extremely sick.
The cane toad stings you but does no damage.
You feel better. The cane toad stings you!
You die...

# ### # #
#.###..#######P#.###########
............................
..........F@................
..........#..####.####......
.....$....#### #...###
...#......# #########..†#
.....#....####.##P#.##†..#
.......................†.###
............................
....####.#.##...............
...# ######.....####......


You could see a cane toad.

Vanquished Creatures
  A vault guard (Bailey)
  A hydra (Lair:1)
  2 two-headed ogres (D:8)
  Psyche (D:8)
  Prince Ribbit (Bailey)
  A yak (D:8)
  5 humans (Bailey)
  Eustachio (D:5)
  A steam dragon (D:6)
  Menkaure (D:7)
  6 water moccasins
  3 orc warriors
  An ice beast (D:5)
  A sky beast (D:6)
  2 black bears
  5 centaurs
  3 ogres
  5 wolves (Lair:1)
  A phantom (D:3)
  15 bullfrogs
  3 scorpions
  A water moccasin zombie (D:6)
  A wyvern skeleton (D:6)
  A water moccasin skeleton (D:4)
  7 wights
  3 howler monkeys
  3 bullfrog zombies
  A centaur zombie (D:8)
  3 orc priests
  4 hounds
  A centaur skeleton (D:7)
  A gnoll shaman (D:8)
  A jelly (D:7)
  A bullfrog skeleton (D:6)
  5 iguanas
  2 orc wizards
  2 hell rats (D:7)
  2 killer bee zombies
  A hound zombie (D:5)
  10 gnolls
  8 river rats (D:7)
  4 adders
  A white imp (D:7)
  An ufetubus (D:4)
  An adder skeleton (D:5)
  2 worms
  4 dart slugs
  22 orcs
  9 ball pythons
  11 bats
  8 endoplasms
  5 giant cockroaches
  13 goblins
  13 hobgoblins
  5 jackals (D:3)
  7 kobolds
  8 quokkas
  2 frilled lizards
  17 rats
251 creatures vanquished.

Vanquished Creatures (others)
  A bullfrog (Bailey)
  49 fungi (D:8)
  27 plants (D:8)
77 creatures vanquished.

Grand Total: 328 creatures vanquished

Notes
Turn   | Place    | Note
-------+----------+-------------------------------------------
     0 | D:1      | jjjjhere the Minotaur Enchanter began the quest for the
                  | Orb.
     0 | D:1      | Reached XP level 1. HP: 14/14 MP: 1/1
    15 | D:1      | Reached skill level 1 in Fighting
    38 | D:1      | Reached XP level 2. HP: 17/24 MP: 3/3
   775 | D:1      | Found a faded altar of an unknown god.
   801 | D:1      | Prayed at the altar of an unknown god.
   801 | D:1      | Became a worshipper of the Shining One
   801 | D:1      | Reached * piety under the Shining One
   855 | D:1      | Reached XP level 3. HP: 30/31 MP: 4/4
  2004 | D:2      | Reached XP level 4. HP: 29/41 MP: 5/5
  2169 | D:2      | Found a runed translucent door.
  2170 | D:2      | Noticed Crazy Yiuf
  2608 | D:3      | Reached skill level 5 in Fighting
  2914 | D:3      | Noticed a phantom
  2933 | D:3      | Killed a phantom
  2934 | D:3      | Reached XP level 5. HP: 26/51 MP: 6/6
  3337 | D:3      | Reached ** piety under the Shining One
  3341 | D:3      | Found a shimmering blue altar of Sif Muna.
  3436 | D:3      | Found Coys's Magic Scroll Boutique.
  3445 | D:3      | Bought a scroll of teleportation for 33 gold pieces
  3447 | D:3      | Found a blossoming altar of Fedhas.
  3883 | D:4      | Reached skill level 1 in Axes
  3954 | D:4      | Noticed an ogre
  3959 | D:4      | Killed an ogre
  3960 | D:4      | Reached skill level 3 in Axes
  3960 | D:4      | Reached XP level 6. HP: 24/58 MP: 7/7
  4337 | D:4      | Found a staircase to the Ecumenical Temple.
  4354 | D:4      | Reached skill level 4 in Axes
  4836 | D:5      | Entered Level 5 of the Dungeon
  4945 | D:5      | Reached skill level 5 in Axes
  5066 | D:5      | Reached XP level 7. HP: 48/64 MP: 8/8
  5176 | D:5      | Reached skill level 6 in Axes
  5266 | D:5      | Reached skill level 7 in Axes
  5509 | D:5      | Reached skill level 8 in Axes
  5674 | D:5      | Reached XP level 8. HP: 59/71 MP: 9/9
  5687 | D:5      | Reached skill level 9 in Axes
  6138 | D:5      | Noticed Eustachio
  6152 | D:5      | Killed Eustachio
  6153 | D:5      | Reached skill level 10 in Axes
  6364 | D:6      | Reached *** piety under the Shining One
  6449 | D:6      | Reached skill level 11 in Axes
  6589 | D:6      | HP: 22/71 [something (4)]
  7054 | D:6      | Reached skill level 12 in Axes
  7127 | D:6      | Reached XP level 9. HP: 30/78 MP: 10/10
  8063 | D:7      | Noticed Menkaure
  8066 | D:7      | Killed Menkaure
  8224 | D:7      | Found a hide-covered altar of Uskayaw.
  8368 | D:7      | Reached skill level 13 in Axes
  8759 | D:7      | Reached **** piety under the Shining One
  8764 | D:7      | Reached skill level 14 in Axes
  9030 | D:8      | Found a flagged portal.
  9049 | Bailey   | Entered a bailey
  9059 | Bailey   | Reached skill level 1 in Invocations
  9131 | Bailey   | Reached XP level 10. HP: 83/84 MP: 11/11
  9157 | Bailey   | Reached skill level 15 in Axes
  9331 | Bailey   | Noticed Prince Ribbit
  9331 | Bailey   | Noticed a vault guard
  9350 | Bailey   | Killed a vault guard
  9351 | Bailey   | Reached skill level 5 in Invocations
  9380 | Bailey   | Killed Prince Ribbit
  9408 | Bailey   | Noticed a vault guard
  9428 | Bailey   | HP: 14/84 [vault guard/+0 broad axe (22)]
  9550 | D:8      | Noticed a two-headed ogre
  9575 | D:8      | HP: 22/84 [two-headed ogre/+0 giant club (12)]
  9581 | D:8      | Killed a two-headed ogre
  9596 | D:7      | Reached skill level 16 in Axes
  9649 | D:8      | Reached skill level 1 in Shields
  9673 | D:8      | Noticed Psyche
  9681 | D:8      | Killed Psyche
  9825 | D:8      | Noticed a two-headed ogre
  9832 | D:8      | Killed a two-headed ogre
  9833 | D:8      | Reached XP level 11. HP: 76/91 MP: 15/15
  9849 | D:8      | Found a staircase to the Lair.
  9982 | D:8      | Identified the +5 scimitar of Cyatweff {vamp, Str+3}
 10012 | D:8      | Found a sacrificial altar of Ru.
 10087 | D:8      | Found an ancient bone altar of Kikubaaqudgha.
 10088 | D:8      | Found a snail-covered altar of Cheibriados.
 10088 | D:8      | Found an iron altar of Okawaru.
 10141 | Lair:1   | Entered Level 1 of the Lair of Beasts
 10159 | Lair:1   | Reached ***** piety under the Shining One
 10215 | Lair:1   | Noticed a six-headed hydra
 10225 | Lair:1   | HP: 24/91 [three-headed hydra (10)]
 10226 | Lair:1   | Killed a two-headed hydra
 10227 | Lair:1   | HP: 11/91 [cane toad (12)]
 10228 | Lair:1   | HP: 5/91 [poisoned by a cane toad]
 10229 | Lair:1   | Slain by a cane toad

Illustrated notes

Levels and vault maps discovered:
D:1:      dpeg_arrival_chambers_temple_mockup, layout_rooms,
          shapermc_ecumenical_altar_mp_highgroup
D:2:      layout_basic, lemuel_flame_loot_1, uniq_crazy_yiuf_cottage
D:3:      minmay_recursive_quarters, layout_loops_cross, fedhas_altar_1,
          mainiacjoe_overflow_tiny_flanked, serial_shops, shop,
          grunt_ministairs_15, minmay_unequal
D:4:      layout_basic, minmay_temple_entry_junction_2
D:5:      layout_loops_corners, grunt_decor_arrowhead,
          kennysheep_generic_room_10, uniq_eustachio
D:6:      layout_layer_cave, hangedman_decor_slide_cut,
          kennysheep_generic_room_13
D:7:      lemuel_ratsnest, layout_basic,
          nicolae_uskayaw_murder_on_the_dancefloor, grunt_ministairs_5,
          uniq_menkaure
D:8:      layout_gridville, minitemple, due_lair_maze_entry_diamond,
          enter_bailey_4, uniq_psyche
Lair:1:   layout_small_grid, ebering_ghost_xom

Skill      XL: |  1  2  3  4  5  6  7  8  9 10 11 |
---------------+----------------------------------+-----
Fighting       | 2 3 4 6 |  6.4
Axes           | 3 5 8 12 14 16 | 16.7
Invocations    | 3 6 7 |  7.1
Shields        | 3 4 |  4.9
Short Blades   | |  1.1
Maces & Flails | |  0.9
Dodging        | |  2.1
Stealth        | |  2.4
Spellcasting   | |  1.3
Hexes          | |  2.0

Action                   |  1- 3 |  4- 6 |  7- 9 | 10-12 || total
-------------------------+-------+-------+-------+-------++-------
Melee: Dagger            |   109 |    78 |       |       ||   187
       Headbutt          |    16 |    31 |    64 |    28 ||   139
       Punch             |     2 |     2 |     3 |       ||     7
       Whip              |       |    20 |       |       ||    20
       War axe           |       |    57 |   214 |    29 ||   300
       Broad axe         |       |       |       |    88 ||    88
Throw: Boomerang         |       |       |     6 |    11 ||    17
       Dart              |       |       |     2 |       ||     2
Invok: Divine Shield     |       |       |       |     1 ||     1
Evoke: Wand              |       |       |       |     6 ||     6
  Use: Scroll            |       |     1 |       |    15 ||    16
       Potion            |       |       |       |     1 ||     1
 Stab: Sleeping          |     2 |       |       |       ||     2
       Distracted        |     1 |       |       |       ||     1
Armor: Robe              |    12 |    20 |       |       ||    32
       Plate armour      |       |    51 |   132 |    72 ||   255
Dodge: Dodged            |    61 |    70 |    49 |    30 ||   210
Block: Kite shield       |       |       |       |    38 ||    38
       Other             |       |       |       |     6 ||     6
